 Dungeon Crawl Stone Soup version 0.19.4 (webtiles) character file.

7116 Naow the Thaumaturge (level 10, -6/50 HPs)
             Began as a Deep Elf Conjurer on Jan 30, 2017.
             Was a Priest of Vehumet.
             Mangled by a slime creature (9 damage)
             ... on level 9 of the Dungeon.
             The game lasted 00:20:34 (11902 turns).

Naow the Thaumaturge (Deep Elf Conjurer)           Turns: 11902, Time: 00:20:34

Health: -6/50      AC:  5    Str:  8    XL:     10   Next: 85%
Magic:  5/46       EV: 15    Int: 28    God:    Vehumet [***...]
Gold:   516        SH:  0    Dex: 11    Spells: 5 memorised, 17 levels left

rFire  . . .     SeeInvis .     x - staff of earth
rCold  . . .     Gourm    .     a - +0 robe
rNeg   . . .     Faith    .     (no shield)
rPois  .         Spirit   .     (no helmet)
rElec  .         Reflect  .     r - +1 cloak
rCorr  .         Harm     .     (no gloves)
MR     +....                    y - +0 pair of boots of Grace {Str+3 Int+4 Dex-4 Stlth+}
Stlth  +++.......               C - amulet of regeneration
                                l - ring of magical power
                                f - ring of magical power

@: no status effects
A: no striking features
a: Renounce Religion


You were on level 9 of the Dungeon.
You worshipped Vehumet.
Vehumet was most pleased with you.
You were not hungry.

You visited 2 branches of the dungeon, and saw 10 of its levels.

You collected 516 gold pieces.

Inventory:

Hand Weapons
 L - a +3 dagger of venom
Armour
 a - a +0 robe (worn)
 r - a +1 cloak (worn)
 y - the +0 pair of boots of Grace (worn) {Str+3 Int+4 Dex-4 Stlth+}
   (You found it on level 5 of the Dungeon)

   It affects your strength (+3).
   It affects your intelligence (+4).
   It affects your dexterity (-4).
   It makes you more stealthy.
Magical Staves
 t - an uncursed staff of summoning
 x - an uncursed staff of earth (weapon)
Jewellery
 f - a ring of magical power (left hand)
 l - a ring of magical power (right hand)
 C - an amulet of regeneration (around neck)
 N - an uncursed ring of protection from cold
 O - an uncursed ring of protection from magic
Wands
 q - a wand of iceblast (6/15)
 s - a wand of slowing (26/48)
 u - a wand of teleportation (6/9)
 F - a wand of flame (17/48)
 P - a wand of flame (23/48)
Scrolls
 d - 3 scrolls of remove curse
 e - 2 scrolls of identify
 g - a scroll of recharging
 i - 2 scrolls of fog
 j - a scroll of immolation
 m - a scroll of enchant weapon
 o - a scroll of blinking
 v - a scroll of teleportation
Potions
 h - 3 potions of degeneration
 w - a potion of heal wounds
 z - 4 potions of curing
 A - a potion of haste
 B - 2 potions of agility
 D - 2 potions of might
 G - a potion of flight
 I - a potion of invisibility
 J - a potion of magic
 M - a potion of lignification {unknown}
Books
 b - a book of Conjurations

   Spells                             Type                      Level
   a - Magic Dart                     Conjuration                  1
   b - Searing Ray                    Conjuration                  2
   c - Dazzling Spray                 Conjuration/Hexes            3
   d - Fulminant Prism                Conjuration/Hexes            4
   e - Iskenderun's Mystic Blast      Conjuration                  4
   f - Iskenderun's Battlesphere      Conjuration/Charms           5
 n - a book of Changes

   Spells                             Type                      Level
   a - Beastly Appendage              Transmutation                1
   b - Sticks to Snakes               Transmutation                2
   c - Spider Form                    Transmutation/Poison         3
   d - Ice Form                       Ice/Transmutation            4
   e - Blade Hands                    Transmutation                5
 E - a book of Summonings

   Spells                             Type                      Level
   a - Recall                         Summoning/Translocation      3
   b - Aura of Abjuration             Summoning                    5
   c - Summon Demon                   Summoning                    5
   d - Summon Forest                  Summoning/Translocation      5
   e - Summon Mana Viper              Hexes/Summoning              5
   f - Shadow Creatures               Summoning                    6
Comestibles
 c - 8 bread rations
 k - 4 beef jerkies
 p - 19 chunks of flesh
 H - a meat ration
 K - a slice of pizza
 Q - 10 royal jellies


   Skills:
 * Level 7.2 Dodging
 - Level 2.4 Stealth
 + Level 12.2 Spellcasting
 - Level 10.9 Conjurations
 + Level 4.7 Hexes
 - Level 11.0 Charms


You had 17 spell levels left.
You knew the following spells:

 Your Spells              Type           Power        Failure   Level  Hunger
a - Magic Dart            Conj           ####         1%          1    None
b - Searing Ray           Conj           ######       1%          2    None
c - Iskenderun's Battles  Conj/Chrm      ######..     1%          5    ##.....
d - Iskenderun's Mystic   Conj           ######..     1%          4    None
e - Fulminant Prism       Conj/Hex       ######....   1%          4    None


Dungeon Overview and Level Annotations

Branches:
Dungeon (9/15)             Temple (1/1) D:6            Lair (0/6) D:9
    Orc: D:9-12

Altars:
Ashenzari
Cheibriados
Dithmenos
Elyvilon
Gozag
Hepliaklqana
Okawaru
Ru
Trog
Uskayaw
Vehumet
Yredelemnul
The Shining One


Message History

You kill the slime creature!
Vehumet accepts your kill.
The orb of energy explodes!
Casting: Iskenderun's Mystic Blast
Confirm with . or Enter, or press ? or * to list all spells.
Aiming: Iskenderun's Mystic Blast
Press: ? - help, Shift-Dir - straight line, f - slime creature
Aim: a slime creature The orb of energy hits the slime creature.
The slime creature is heavily wounded.
The orb of energy explodes!
Casting: Iskenderun's Mystic Blast
Confirm with . or Enter, or press ? or * to list all spells.
Aiming: Iskenderun's Mystic Blast
Press: ? - help, Shift-Dir - straight line, f/p - slime creature
Aim: a slime creature (heavily wounded)
The orb of energy hits the slime creature.
The slime creature is almost dead.
The slime creature hits you!
You die...

######.# #....[.#
##'###### ####
#.......# #...
#.#####.# #... #.#
#.##### #...
#.###.#.'...####...
#.@J..#.###....+...
#######.# ######...
#.#...#.# #...
#.#.#.#.# #...
#...#...# #...
###'##### #...
#.#### #### #....#
#### ####.# #...


You could see a slime creature.

Vanquished Creatures
  The ghost of cba the Covert, a novice OpAs of Okawaru (D:7)
  2 slime creatures (D:9)
  A troll (D:9)
  Prince Ribbit (D:6)
  Grinder (D:6)
  2 hippogriffs
  6 yaks (D:9)
  Duvessa (D:6)
  A water moccasin (D:6)
  2 ice beasts
  2 orc warriors
  A necrophage (D:9)
  2 ogres
  4 sky beasts
  A phantom (D:7)
  2 centaurs
  2 big kobolds
  7 bullfrogs
  Dowan (D:6)
  A scorpion (D:9)
  3 killer bees (D:7)
  3 wights (D:8)
  6 crimson imps
  2 howler monkeys
  A bullfrog zombie (D:6)
  6 jellies
  6 orc priests
  9 hounds
  A bullfrog skeleton (D:4)
  Crazy Yiuf (D:3)
  8 orc wizards
  2 iguanas
  9 worker ants
  A hound skeleton (D:8)
  A worker ant zombie (D:5)
  7 gnolls
  11 adders
  3 shadow imps
  8 oozes
  4 adder zombies
  4 worms
  2 dart slugs (D:1)
  4 leopard geckos
  33 orcs
  A giant cockroach (D:3)
  8 hobgoblins
  19 jackals
  6 quokkas
  A ball python (D:5)
  10 bats
  8 frilled lizards
  7 goblins
  A jackal zombie (D:7)
  12 kobolds
  A leopard gecko skeleton (D:7)
  A quokka skeleton (D:6)
  6 rats
257 creatures vanquished.

Vanquished Creatures (others)
  7 fulminant prisms (D:9)
7 creatures vanquished.

Grand Total: 264 creatures vanquished

Notes
Turn   | Place    | Note
-------+----------+-------------------------------------------
     0 | D:1      | Naow the Deep Elf Conjurer began the quest for the Orb.
     0 | D:1      | Reached XP level 1. HP: 10/10 MP: 6/6
   195 | D:1      | Reached XP level 2. HP: 15/15 MP: 1/8
   199 | D:1      | Learned a level 2 spell: Searing Ray
   818 | D:1      | Reached skill level 4 in Spellcasting
  1002 | D:2      | Reached skill level 5 in Conjurations
  1014 | D:2      | Reached XP level 3. HP: 19/19 MP: 7/10
  1942 | D:2      | Reached XP level 4. HP: 23/24 MP: 9/12
  2271 | D:3      | HP: 1/24 [gnoll/club (3)]
  2272 | D:3      | Reached skill level 5 in Spellcasting
  2272 | D:3      | Reached XP level 5. HP: 1/28 MP: 0/14
  3472 | D:3      | Found a runed door.
  3548 | D:3      | Noticed Crazy Yiuf
  3552 | D:3      | Killed Crazy Yiuf
  3663 | D:3      | Learned a level 5 spell: Iskenderun's Battlesphere
  3668 | D:3      | Learned a level 4 spell: Iskenderun's Mystic Blast
  3814 | D:4      | Reached XP level 6. HP: 32/32 MP: 16/16
  3823 | D:4      | Reached skill level 1 in Charms
  4264 | D:4      | Reached skill level 6 in Spellcasting
  4697 | D:5      | Entered Level 5 of the Dungeon
  4841 | D:5      | Reached XP level 7. HP: 4/36 MP: 18/18
  5546 | D:5      | Reached skill level 7 in Spellcasting
  5725 | D:5      | Reached skill level 5 in Charms
  5925 | D:5      | Got a pair of scorched boots
  5931 | D:5      | Identified the +0 pair of boots of Grace {Str+3 Int+4 Dex-4 Stlth+} (You found it on level 5 of the Dungeon)
  6104 | D:5      | Reached XP level 8. HP: 41/41 MP: 21/21
  6320 | D:5      | Learned a level 4 spell: Fulminant Prism
  6580 | D:6      | Noticed Prince Ribbit
  6586 | D:6      | Noticed Grinder
  6588 | D:6      | Killed Prince Ribbit
  6588 | D:6      | Reached skill level 8 in Spellcasting
  6592 | D:6      | Killed Grinder
  6820 | D:6      | Noticed Duvessa
  6822 | D:6      | Noticed Dowan
  6827 | D:6      | Killed Duvessa
  6830 | D:6      | Killed Dowan
  6830 | D:6      | Reached skill level 9 in Spellcasting
  7066 | D:6      | Found a staircase to the Ecumenical Temple.
  7159 | Temple   | Entered the Ecumenical Temple
  7171 | Temple   | Became a worshipper of Vehumet
  7253 | D:6      | Reached XP level 9. HP: 34/45 MP: 24/24
  8096 | D:7      | Noticed cba's ghost (novice OpAs)
  8101 | D:7      | Killed cba's ghost
  8101 | D:7      | Reached skill level 10 in Spellcasting
  8101 | D:7      | Reached skill level 10 in Conjurations
  8690 | D:7      | Reached * piety under Vehumet
  8690 | D:7      | Offered knowledge of Sandblast by Vehumet.
  8819 | D:7      | Reached skill level 10 in Charms
  9207 | D:7      | Reached skill level 11 in Spellcasting
  9361 | D:7      | Reached XP level 10. HP: 50/50 MP: 27/27
  9809 | D:8      | Offered knowledge of Freeze by Vehumet.
  9810 | D:8      | Reached ** piety under Vehumet
 10620 | D:8      | Offered knowledge of Ignite Poison by Vehumet.
 10627 | D:8      | Reached skill level 1 in Hexes
 11185 | D:9      | Found a staircase to the Lair.
 11341 | D:9      | Reached *** piety under Vehumet
 11480 | D:9      | Reached skill level 5 in Dodging
 11779 | D:9      | Offered knowledge of Throw Icicle by Vehumet.
 11779 | D:9      | Reached skill level 12 in Spellcasting
 11899 | D:9      | HP: 1/50 [slime creature (12)]
 11902 | D:9      | Mangled by a slime creature

Skill      XL: |  1  2  3  4  5  6  7  8  9 10 |
---------------+-------------------------------+-----
Spellcasting   | 4 5 6 7 9 11 12 | 12.2
Conjurations   | 5 6 7 8 9 10 | 10.9
Charms         | 3 5 8 10 11 | 11.0
Dodging        | 7 |  7.2
Hexes          | 4 |  4.7
Stealth        | |  2.4

Action                   |  1- 3 |  4- 6 |  7- 9 | 10-12 || total
-------------------------+-------+-------+-------+-------++-------
Melee: Unarmed           |     6 |       |       |       ||     6
       Staff             |       |       |     4 |     1 ||     5
 Cast: Magic Dart        |    90 |   133 |   167 |   126 ||   516
       Searing Ray       |       |    10 |    16 |    12 ||    38
       Iskenderun's Myst |       |     1 |    40 |    26 ||    67
       Iskenderun's Batt |       |       |    12 |    14 ||    26
       Fulminant Prism   |       |       |       |     7 ||     7
  Use: Potion            |       |     1 |       |       ||     1
       Scroll            |       |       |     1 |    20 ||    21
  Eat: Chunk             |     3 |     8 |    12 |     8 ||    31
       Meat ration       |       |       |     1 |       ||     1
Armor: Robe              |     3 |     5 |    11 |     8 ||    27
Dodge: Dodged            |     7 |    24 |    32 |    43 ||   106
